 Dungeon Crawl Stone Soup version 0.30-a0-760-g5a9884bb7c (webtiles) character file.

Game seed: 379900693435879988

35 BigDaddyOpFi the Shooter (level 3, -1/31 HPs)
             Began as an Armataur Hunter on Feb 10, 2023.
             Slain by a worm (6 damage)
             ... on level 2 of the Dungeon.
             The game lasted 00:01:13 (920 turns).

BigDaddyOpFi the Shooter (Armataur Hunter)           Turns: 920, Time: 00:01:14

Health: -1/31      AC:  4    Str: 18    XL:     3   Next: 16%
Magic:  3/3        EV: 10    Int:  9    God:
Gold:   31         SH:  0    Dex: 19    Spells: 2/2 levels left

rFire   x . .      SeeInvis .    e - +0 dagger (elec)
rCold   + . .      Faith    .    (no shield)
rNeg    . . .      Spirit   .    c - +0 leather armour
rPois   .          Reflect  .    (no helmet)
rElec   .          Harm     .    (no cloak)
rCorr   .          Roll     +    (no gloves)
Will    .....                    (no barding)
Stlth   ++                       (no amulet)
HPRegen 0.25/turn                n - ring of ice
MPRegen 0.08/turn                p - +6 ring of dexterity

@: no status effects
A: large, rugged brown scales 3, deformed body, armoured tail, roll, long
tongue, awkward tongue
a: no special abilities


You were on level 2 of the Dungeon.
You visited 1 branch of the dungeon, and saw 2 of its levels.

You collected 31 gold pieces.

Inventory:

Hand Weapons
 a - a +0 shortbow
 e - a +0 dagger of electrocution (weapon)
Armour
 c - a +0 leather armour (worn)
Jewellery
 n - a ring of ice (left hand)
 p - a +6 ring of dexterity (right hand)
Scrolls
 b - a scroll of immolation
 d - a scroll of identify {unknown}
 f - a scroll of enchant weapon {unknown}
 i - a scroll of silence {unknown}
 j - 2 scrolls of teleportation {unknown}
 l - a scroll of enchant armour {unknown}
 m - a scroll of blinking {unknown}
 o - a scroll of acquirement {unknown}
Potions
 g - a potion of curing
 h - a potion of ambrosia {unknown}
 k - a potion of invisibility {unknown}


   Skills:
 + Level 2.2 Fighting
 + Level 3.2 Ranged Weapons
 + Level 1.8 Dodging
 + Level 2.0 Stealth


You had 2 spell levels left.
You didn't know any spells.
Your spell library was empty.

Dungeon Overview and Level Annotations

Branches:
Dungeon (2/15)

Altars:


Innate Abilities, Weirdness & Mutations

You are completely covered in rugged brown scales. (AC +3, +7% HP)
Armour fits poorly on your strangely shaped body.
You have a long armoured tail.
You roll when moving toward enemies. (Rampage)
Your long tongue fully drains potion bottles. (2x potion effects)
Your tongue gives you trouble enunciating. (1.5x scroll delay)


Message History

You feel agile.
p - a +6 ring of dexterity (right hand)
A worm comes into view.
A worm is nearby!
A worm is nearby!
You shoot an arrow. The arrow hits the worm.
The worm is moderately wounded.
A kobold comes into view. It is wielding a +0 dagger.
You shoot an arrow. The arrow barely misses the kobold.
You shoot an arrow. The arrow closely misses the kobold.
The kobold hits you with a +0 dagger.
You shoot an arrow. The arrow closely misses the kobold.
The kobold hits you but does no damage.
You shoot an arrow.
The arrow hits the kobold but does no damage.
The kobold closely misses you. The kobold hits you with a +0 dagger.
You hear the crackle of electricity.
e - a +0 dagger of electrocution (weapon)
You hit the worm.
The worm is moderately wounded.
The kobold hits you with a +0 dagger. The worm bites you!
You hit the worm.
The worm is moderately wounded.
The kobold hits you but does no damage.
You barely miss the worm.
The worm is moderately wounded.
The kobold barely misses you. The worm bites you!
You hit the worm but do no damage. Lightning courses through the worm!
The worm is almost dead.
The kobold hits you but does no damage.
You barely miss the worm. You tail-slap the worm.
The worm is almost dead.
The kobold hits you but does no damage. The worm bites you.
* * * LOW HITPOINT WARNING * * *
You barely miss the worm.
The worm is almost dead.
The kobold hits you with a +0 dagger.
* * * LOW HITPOINT WARNING * * *
The worm bites you.
You die...

# #.#####.#.##..<.
# #............###
# ########.......#
.........##.#..#
#######...#.#..####
##............#
#..##.......#.....
#.........K#..##.
#..##......@w..#
... ##.....##.## ##
##...## .# .....##
####.# #.# #.#


You could see a worm and a kobold.

Vanquished Creatures
  An adder (D:2)
  A dart slug (D:1)
  3 endoplasms
  2 goblins (D:1)
  3 hobgoblins (D:1)
  4 jackals (D:1)
  2 kobolds (D:1)
  A quokka (D:1)
  A ball python (D:1)
  A frilled lizard (D:1)
  2 rats (D:1)
21 creatures vanquished.

Vanquished Creatures (others)
  A fungus (D:2)
  4 plants (D:2)
5 creatures vanquished.

Grand Total: 26 creatures vanquished

Notes
Turn   | Place    | Note
-------+----------+-------------------------------------------
     0 | D:1      | BigDaddyOpFi the Armataur Hunter began the quest for the
                  | Orb.
     0 | D:1      | Reached XP level 1. HP: 18/18 MP: 1/1
    35 | D:1      | Reached skill level 3 in Ranged Weapons
   213 | D:1      | Reached XP level 2. HP: 25/25 MP: 2/2
   865 | D:2      | Reached XP level 3. HP: 27/31 MP: 3/3
   920 | D:2      | Slain by a worm

Illustrated notes

Levels and vault maps discovered:
D:1:      matt_arrival_refuge, layout_basic
D:2:      layout_loops_ring, shapermc_ecumenical_altar_mp_ritualfount,
          chequers_decorated_corner

Skill      XL: |  1  2 |
---------------+-------+-----
Ranged Weapons | 3 |  3.2
Fighting       | 2 |  2.2
Stealth        | 2 |  2.0
Dodging        | |  1.8

Action                     || total
---------------------------++-------
  Melee: Dagger            ||    10
         Tailslap          ||     3
   Fire: Shortbow          ||    69
    Use: Potion            ||     1
 Armour: Leather armour    ||    16
  Dodge: Dodged            ||    17

Table legend: (Time is in decaauts)
 A = Elapsed time spent in this place.
 B = Non-inter-level travel time spent in this place.
 C = Inter-level travel time spent in this place.
 D = Time resting spent in this place.
 E = Time spent auto-exploring this place.
 F = Levels seen in this place.
 G = Mean time per level.
                   A        B        C        D        E       F      G
               +--------+--------+--------+--------+--------+-----+--------+
         Total |    941 |    903 |     38 |     93 |    657 |   2 |  470.5 |
       Dungeon |    941 |    903 |     38 |     93 |    657 |   2 |  470.5 |
               +--------+--------+--------+--------+--------+-----+--------+

Top non-repeatable levels by time:
     D:1: 843 daAuts
     D:2: 98 daAuts
